 Dungeon Crawl Stone Soup version 0.27-a0-242-ge0fc76b88b (webtiles) character file.

Game seed: 4552597487739680249

67 knot the Skirmisher (level 4, 35/35 HPs)
             Began as a Demonspawn Berserker on Feb 2, 2021.
             Was a Believer of Trog.
             Quit the game on level 2 of the Dungeon.
             The game lasted 00:01:45 (2938 turns).

knot the Skirmisher (Demonspawn Berserker)          Turns: 2938, Time: 00:01:46

Health: 35/35      AC:  9    Str: 18    XL:     4   Next: 0%
Magic:  4/4        EV: 10    Int: 11    God:    Trog [**....]
Gold:   90         SH:  0    Dex: 12    Spells: 3/3 levels left

rFire    . . .     SeeInvis .   a - +0 hand axe
rCold    . . .     Faith    .   (no shield)
rNeg     . . .     Spirit   .   d - +3 scale mail
rPois    .         Reflect  .   (no helmet)
rElec    .         Harm     .   (no cloak)
rCorr    .         Rampage  .   (no gloves)
Will     .....                  (no boots)
Stlth    ..........             (no amulet)
HPRegen  0.11/turn              (no ring)
MPRegen  0.18/turn              (no ring)

@: no status effects
A: magic regeneration, big brain 1
a: Renounce Religion, Berserk, Trog's Hand


You were on level 2 of the Dungeon.
You worshipped Trog.
Trog was pleased with you.
You visited 1 branch of the dungeon, and saw 2 of its levels.

You collected 90 gold pieces.

Inventory:

Hand Weapons
 a - a +0 hand axe (weapon)
Missiles
 e - 31 arrows
 g - 119 stones
 m - 46 bolts
 p - 2 boomerangs (quivered)
Armour
 d - a +3 scale mail (worn)
Scrolls
 b - a scroll of teleportation {unknown}
 c - 5 scrolls of identify {unknown}
 f - 3 scrolls of fog {unknown}
 i - a scroll of remove curse {unknown}
 l - a scroll of immolation {unknown}
 n - a scroll of amnesia {unknown}
 o - a scroll of magic mapping {unknown}
Potions
 h - a potion of heal wounds {unknown}
 j - a potion of resistance {unknown}
 k - a potion of flight {unknown}
 q - a potion of haste {unknown}
 r - a potion of might {unknown}
 s - a potion of berserk rage {unknown}


   Skills:
 - Level 3.5 Fighting
 * Level 3.2 Axes
 * Level 0.0 Throwing
 - Level 2.4 Armour
 - Level 2.4 Dodging


You had 3 spell levels left.
You didn't know any spells.
Your spell library was empty.

Dungeon Overview and Level Annotations

Branches:
Dungeon (2/15)

Altars:


Innate Abilities, Weirdness & Mutations

You regenerate magic rapidly.
You have an unusually large brain. (Int +2)


Message History

No target in view!
No target in view!
No target in view!
No target in view!
No target in view!
No target in view!
Found 20 bolts.
Found a hand axe.
No target in view!
A giant cockroach comes into view.
Found a scroll labelled KEEROURELE.
A giant cockroach is nearby!
The giant cockroach closely misses you. x2
You slash the giant cockroach!
You kill the giant cockroach!
Trog accepts your kill.
You have reached level 4!
You feel stronger.
Your demonic ancestry asserts itself...
Your brain expands.
Are you sure you want to abandon this character and quit the game? (Confirm with "yes".)

...#.#....#
####.##.#.# .
#.##.#.#######.
#.##.#........#
#......## #.# #
###....#### #.#.#
#.#.....# #.#.##
#....##.###..).###
####.......@.....#
###...###...?.#
#.#.(.........
#...###.....##
##### .....#
######


There were no monsters in sight!

Vanquished Creatures
  An adder (D:2)
  2 oozes
  A worm (D:2)
  2 leopard geckos
  2 giant cockroaches
  4 goblins
  6 hobgoblins (D:1)
  5 jackals (D:1)
  2 quokkas (D:2)
  5 bats
  2 frilled lizards (D:1)
  2 kobolds
  9 rats
43 creatures vanquished.

Notes
Turn   | Place    | Note
-------+----------+-------------------------------------------
     0 | D:1      | knot the Demonspawn Berserker began the quest for the Orb.
     0 | D:1      | Reached XP level 1. HP: 18/18 MP: 1/1
   479 | D:1      | Gained mutation: You regenerate magic rapidly. [demonic
                  | ancestry]
   479 | D:1      | Reached XP level 2. HP: 24/24 MP: 2/2
  1534 | D:1      | Reached XP level 3. HP: 27/29 MP: 3/3
  1959 | D:1      | Reached ** piety under Trog
  2938 | D:2      | Gained mutation: You have an unusually large brain. (Int
                  | +2) [demonic ancestry]
  2938 | D:2      | Reached XP level 4. HP: 35/35 MP: 4/4
  2938 | D:2      | Quit the game

Illustrated notes

Levels and vault maps discovered:
D:1:      dpeg_arrival_rhombi, layout_basic, chequers_serial_rivers_micro_d,
          minmay_misc_feat_tiny
D:2:      layout_loops_corners

Skill      XL: |  1  2 |
---------------+-------+-----
Armour         | 2 |  2.4
Dodging        | 2 |  2.4
Axes           | 3 |  3.2
Fighting       | |  3.5

Action                   |  1- 3 |  4- 6 || total
-------------------------+-------+-------++-------
Melee: Hand axe          |   178 |       ||   178
Invok: Berserk           |     1 |       ||     1
Armor: Animal skin       |     9 |       ||     9
       Scale mail        |    59 |       ||    59
Dodge: Dodged            |   100 |       ||   100

Table legend: (Time is in decaauts)
 A = Elapsed time spent in this place.
 B = Non-inter-level travel time spent in this place.
 C = Inter-level travel time spent in this place.
 D = Time resting spent in this place.
 E = Time spent auto-exploring this place.
 F = Levels seen in this place.
 G = Mean time per level.
                   A        B        C        D        E       F      G
               +--------+--------+--------+--------+--------+-----+--------+
         Total |   2973 |   2859 |    114 |    460 |   2062 |   2 | 1486.5 |
       Dungeon |   2973 |   2859 |    114 |    460 |   2062 |   2 | 1486.5 |
               +--------+--------+--------+--------+--------+-----+--------+

Top non-repeatable levels by time:
     D:1: 2071 daAuts
     D:2: 902 daAuts
